 Dungeon Crawl Stone Soup version 0.17-a0-1485-g22cb0ee (webtiles) character file.

4740 pulse the Fighter (level 10, -6/86 HPs)
             Began as a Formicid Berserker on July 5, 2015.
             Was a High Priest of Trog.
             Mangled by a wyvern (14 damage)
             ... on level 10 of the Dungeon.
             The game lasted 00:16:15 (8701 turns).

pulse the Fighter (Formicid Berserker)              Turns: 8701, Time: 00:16:16

Health: -6/86      AC: 20    Str: 25    XL:     10   Next: 74%
Magic:  0/10       EV:  3    Int:  7    God:    Trog [*****.]
Gold:   403        SH:  8    Dex: 10    Spells: 0 memorised, 9 levels left

rFire  + . .     SeeInvis +     i - +2 flail (protect)
rCold  . . .     Clarity  .     l - +1 ring mail {rPois}
rNeg   . . .     SustAt   .     G - +0 shield
rPois  +         Gourm    .     (helmet unavailable)
rElec  .         Spirit   +     s - +0 cloak
rCorr  .         Warding  .     v - +0 pair of gloves
rMut   .         Stasis   +     (no boots)
MR     +....                    k - amulet of guardian spirit
Stlth  ..........               w - +4 ring of protection
                                J - ring of protection from fire

@: somewhat resistant to hostile enchantments, extremely unstealthy
A: permanent stasis, dig shafts and tunnels, four strong arms, antennae 3,
mutation resistance 1
a: Dig, Shaft Self, Burn Spellbooks, Trog's Hand, Brothers in Arms, Renounce
Religion


You were on level 10 of the Dungeon.
You worshipped Trog.
Trog was extremely pleased with you.
You were very hungry.

You visited 1 branch of the dungeon, and saw 9 of its levels.

You collected 403 gold pieces.

Inventory:

Hand weapons
 a - a +0 hand axe
 i - a +2 flail of protection (weapon)
Missiles
 A - 3 poisoned javelins (quivered)
Armour
 l - a +1 ring mail of poison resistance (worn)
 s - a +0 cloak (worn)
 v - a +0 pair of gloves (worn)
 G - a +0 shield (worn)
Jewellery
 k - an amulet of guardian spirit (around neck)
 w - a +4 ring of protection (right hand)
 C - the ring "Heoch" {rElec Str-3 Slay+2}
   (You found it on level 8 of the Dungeon)

   [ring of strength]

   It affects your strength (-3).
   It affects your accuracy and damage with ranged weapons and melee attacks
   (+2).
   It insulates you from electricity.
 J - a ring of protection from fire (left hand)
Magical devices
 g - a wand of cold (7)
 n - a wand of digging (8)
 t - a wand of confusion (18)
 y - a wand of fire (1)
 L - a wand of magic darts (39)
Scrolls
 b - a scroll of random uselessness {unknown}
 d - 3 scrolls of fear
 e - 3 scrolls of enchant weapon
 h - 4 scrolls of remove curse
 j - 3 scrolls of magic mapping {unknown}
 q - 2 scrolls of enchant armour {unknown}
 x - 2 scrolls of fog {unknown}
 B - a scroll of amnesia {unknown}
 D - a scroll of vulnerability {unknown}
 F - 3 scrolls of recharging {unknown}
 I - a scroll of identify
 K - a scroll of blinking {unknown}
Potions
 f - a potion of agility
 m - 2 potions of curing
 o - a potion of resistance
 p - 2 potions of cancellation
 z - a potion of heal wounds
 H - a potion of flight
Comestibles
 c - 7 bread rations
 r - 4 meat rations
 E - 28 fruits


   Skills:
 + Level 10.4 Fighting
 * Level 9.0 Axes
 + Level 9.5 Armour
 - Level 1.7 Dodging
 + Level 0.5 Shields
 + Level 1.0 Evocations


You had 9 spell levels left.
You didn't know any spells.

Dungeon Overview and Level Annotations

Branches:
Dungeon (10/15)            Temple (0/1) D:4            Lair (0/8) D:9
    Orc (0/4) D:10

Altars:
Cheibriados
Dithmenos
Makhleb
Qazlal
Ru
Trog
Zin


Innate Abilities, Weirdness & Mutations

You are under a permanent stasis effect.
You can dig through walls and to a lower floor.
Your four strong arms can wield two-handed weapons with a shield.
You have a pair of large antennae on your head (SInv).
You are somewhat resistant to further mutation.


Message History

You closely miss the wyvern.
The wyvern is lightly wounded.
You block the wyvern's attack.
You barely miss the wyvern.
The wyvern is lightly wounded.
The wyvern bites you.
The orc warrior hits you from afar with a glaive!
The wyvern bites you!
* * * LOW HITPOINT WARNING * * *
The wyvern hisses menacingly.
The wyvern bites you but does no damage.
The orc warrior hits you but does no damage.
The wyvern bites you but does no damage.
The wyvern bites you but does no damage.
There is a stone staircase leading up here.
You block the wyvern's attack.
The orc warrior hits you from afar with a glaive!
* * * LOW HITPOINT WARNING * * *
The wyvern bites you!
You die...

##.....#........
#...(...........
#...{..8....>..
#{o.)...... #{#{.......
### ##{#.....8.. ..#
#..####.....
..################o#..#
##...
................@l...## ..
..........#######.##[..# .
...######...###...# ##..>#
#†.########†......# ..##
.....##.........#..... ...
...#†...##................
..)####<..#.......####.#
#.#######.#..#..)... .
...............##....


You could see an orc warrior and a wyvern.

Vanquished Creatures
  A gargoyle (D:8)
  A troll (D:9)
  2 basilisks (D:9)
  A hippogriff (D:7)
  A hungry ghost (D:9)
  The ghost of Duffy the Cudgeler, an average OgWr (D:3)
  A black bear (D:8)
  2 sky beasts
  An ice beast (D:8)
  5 ogres
  An orc warrior (D:7)
  A necrophage (D:9)
  2 phantoms
  4 centaurs
  A big kobold (D:10)
  5 crocodiles
  2 giant frogs
  A water moccasin zombie (D:10)
  2 scorpions (D:7)
  6 crimson imps
  4 hounds
  4 jellies
  2 orc priests (D:9)
  Natasha (thrice) (D:2)
  2 iguanas
  6 orc wizards
  13 sheep (D:9)
  5 worker ants
  8 adders
  A worker ant zombie (D:9)
  4 river rats (D:9)
  A shadow imp (D:7)
  2 adder zombies
  3 oozes
  A worm (D:2)
  21 orcs
  5 ball pythons
  13 bats
  3 bat skeletons
  3 giant cockroaches
  11 hobgoblins
  4 jackals (D:3)
  10 kobolds
  6 quokkas
  3 giant geckos
  3 giant newts
  5 goblins
  16 rats
203 creatures vanquished.

Notes
Turn   | Place    | Note
--------------------------------------------------------------
     0 | D:1      | pulse the Formicid Berserker began the quest for the Orb.
     0 | D:1      | Reached XP level 1. HP: 18/18 MP: 1/1
   329 | D:1      | Reached XP level 2. HP: 17/24 MP: 2/2
  1115 | D:2      | Reached XP level 3. HP: 30/30 MP: 3/3
  1132 | D:2      | Noticed Natasha
  1148 | D:2      | Killed Natasha
  1148 | D:2      | Reached skill level 4 in Fighting
  1215 | D:2      | Reached XP level 4. HP: 32/37 MP: 4/4
  1227 | D:2      | Acquired Trog's second power
  1412 | D:2      | Noticed Natasha
  1518 | D:2      | Killed Natasha
  1566 | D:2      | Noticed Natasha
  1570 | D:2      | Killed Natasha
  1754 | D:3      | Reached XP level 5. HP: 27/42 MP: 5/5
  2501 | D:3      | Noticed Duffy's ghost (average OgWr)
  2549 | D:3      | Killed Duffy's ghost
  2549 | D:3      | Reached skill level 5 in Axes
  2549 | D:3      | Reached XP level 6. HP: 14/49 MP: 6/6
  2850 | D:4      | Found a stormy altar of Qazlal.
  2892 | D:4      | Gained mutation: You are somewhat resistant to further mutation. [potion of beneficial mutation]
  3501 | D:4      | Reached XP level 7. HP: 53/55 MP: 7/7
  3597 | D:4      | Found a staircase to the Ecumenical Temple.
  3866 | D:4      | Reached skill level 5 in Fighting
  3893 | D:4      | Found a burning altar of Makhleb.
  4014 | D:5      | Entered Level 5 of the Dungeon
  4022 | D:5      | Received a gift from Trog
  4070 | D:5      | Reached skill level 6 in Axes
  4166 | D:5      | Reached skill level 5 in Armour
  4209 | D:5      | Reached XP level 8. HP: 50/63 MP: 8/8
  4256 | D:5      | Noticed a troll
  4268 | D:5      | You fall through a shaft for 3 floors!
  4472 | D:8      | Noticed a gargoyle
  4580 | D:8      | Killed a gargoyle
  4763 | D:8      | Got a bound granite ring
  5120 | D:8      | Reached skill level 7 in Axes
  5124 | D:8      | Reached XP level 9. HP: 48/72 MP: 5/9
  5483 | D:8      | Acquired Trog's third power
  5726 | D:8      | Found a sacrificial altar of Ru.
  5852 | D:8      | Identified the cursed ring "Heoch" {rElec Str-3 Slay+2} (You found it on level 8 of the Dungeon)
  6338 | D:7      | Reached skill level 8 in Fighting
  6606 | D:7      | Found a glowing silver altar of Zin.
  6607 | D:7      | Noticed an angel
  6926 | D:9      | Reached XP level 10. HP: 75/82 MP: 10/10
  6992 | D:9      | Reached skill level 9 in Fighting
  7020 | D:9      | Reached skill level 1 in Evocations
  7396 | D:9      | Found a staircase to the Lair.
  7491 | D:9      | Noticed a troll
  7500 | D:9      | Killed a troll
  7500 | D:9      | Reached skill level 10 in Fighting
  7858 | D:9      | Found a bloodstained altar of Trog.
  7966 | D:9      | Found a shadowy altar of Dithmenos.
  8393 | D:9      | Found a snail-covered altar of Cheibriados.
  8483 | D:10     | Entered Level 10 of the Dungeon
  8521 | D:10     | Received a gift from Trog
  8681 | D:10     | Found a staircase to the Orcish Mines.
  8701 | D:10     | Mangled by a wyvern

Vault maps used:
D:1:      evilmike_arrival_crescent
D:2:      uniq_natasha
D:3:      st_stairs_6
D:4:      lemuel_crystal_altar, minmay_temple_entry_butterflies, first_bread,
          makhleb_heckhound_becter
D:5:      minmay_thick_lines, serial_shops, kennysheep_mini
D:7:      zin_angel
D:8:      kennysheep_mini_moat, serial_park, serial_park_tiny_2,
          serial_park_avenue1, serial_park_square2, serial_park_tiny_1
D:9:      nicolae_dithmenos_through_a_glass_darkly, bloody_trog,
          overflow_temple_1_default, minmay_lair_entry_grove
D:10:     david_orc_2, blue_anna_alchemist, hangedman_decor_peaks_small,
          nicolae_evil_shop

Action                   |  1- 3 |  4- 6 |  7- 9 | 10-12 || total
-------------------------+-------+-------+-------+-------++-------
Melee: Hand axe          |    80 |   165 |       |       ||   245
       Flail             |       |    64 |   307 |   246 ||   617
Throw: Javelin           |       |       |     3 |       ||     3
Invok: Burn Spellbooks   |       |       |       |     2 ||     2
 Abil: Shaft Self        |       |       |     1 |       ||     1
Evoke: Wand              |       |       |     2 |       ||     2
  Use: Scroll            |       |     4 |     7 |     3 ||    14
       Potion            |       |     3 |     3 |     1 ||     7
  Eat: Chunk             |     1 |     4 |     8 |     4 ||    17
       Meat ration       |       |     1 |       |       ||     1
       Beef jerky        |       |       |     1 |     1 ||     2
       Pizza             |       |       |     1 |       ||     1
